 Dungeon Crawl Stone Soup version 0.23.1 (webtiles) character file.

Game seed: 14399738342655563034

2153 teukkam the Protected (level 9, -6/121 HPs)
             Began as a Minotaur Fighter on Mar 12, 2019.
             Was a Plaything of Xom.
             Mangled by an orc knight
             ... wielding a +0 halberd
              (23 damage)
             ... in a bailey.
             The game lasted 00:23:00 (4740 turns).

teukkam the Protected (Minotaur Fighter)            Turns: 4740, Time: 00:23:01

Health: -6/121     AC:  7    Str: 29    XL:     9   Next: 10%
Magic:  8/8        EV: 11    Int:  5    God:    Xom [*.....]
Gold:   243        SH:  0    Dex: 14    Spells: 8/8 levels left

rFire    . . .     SeeInvis +   a - +4 quarterstaff (chaos)
rCold    . . .     Gourm    .   (shield currently unavailable)
rNeg     . . .     Faith    .   h - +2 leather armour {MR+}
rPois    .         Spirit   .   (helmet restricted)
rElec    .         Reflect  .   l - +0 cloak
rCorr    .         Harm     .   (no gloves)
MR       +....                  (no boots)
Stlth    ..........             (no amulet)
HPRegen  0.30/turn              n - ring of see invisible
MPRegen  0.11/turn              C - ring of wizardry

@: berserking, very quick
A: retaliatory headbutt, horns 2, thin skeletal structure 1, agile 1
a: Renounce Religion


You were in a bailey.
You worshipped Xom.
You were a special plaything of Xom.
You were not hungry.

You visited 1 branch of the dungeon, and saw 7 of its levels.
You also visited: Bailey.

You collected 243 gold pieces.

Inventory:

Hand Weapons
 a - a +4 quarterstaff of chaos (weapon)
 g - a +0 war axe
 i - a +3 short sword of electrocution
 v - a +1 whip of flaming
 w - a +2 spear of flaming
 x - a +3 dire flail of protection
 B - a +1 halberd of electrocution
Missiles
 u - 13 poisoned needles
 z - 61 tomahawks of returning (quivered)
Armour
 c - a +0 shield
 h - a +2 leather armour of magic resistance (worn)
 l - a +0 cloak (worn)
Jewellery
 n - a ring of see invisible (left hand)
 C - a ring of wizardry (right hand)
Wands
 d - a wand of flame (10)
 e - a wand of polymorph (5)
 j - a wand of scattershot (2)
 q - a wand of clouds (3)
 r - a wand of digging (4)
 t - a wand of paralysis (3)
Scrolls
 k - 3 scrolls of teleportation
 m - 3 scrolls of enchant armour
 o - a scroll of identify
 s - a scroll of remove curse
 y - a scroll of amnesia
 F - a scroll of acquirement {unknown}
Potions
 b - a potion of brilliance
 A - 5 potions of magic
 D - a potion of mutation
Comestibles
 f - 6 rations


   Skills:
 + Level 8.0 Fighting
 - Level 2.7 Short Blades
 - Level 4.5 Axes
 + Level 4.7 Staves
 + Level 0.8 Throwing
 + Level 8.1 Armour
 - Level 7.9 Shields


You had 8 spell levels left.
You didn't know any spells.
Your spell library was empty.

Dungeon Overview and Level Annotations

Branches:
Dungeon (7/15)
 Temple: D:4-7

Altars:
Dithmenos
Gozag
Qazlal
Xom


Innate Abilities, Weirdness & Mutations

You reflexively headbutt those who attack you in melee.
You have a pair of horns on your head.
You have a somewhat thin skeletal structure. (Dex +2, Stealth)
You are agile. (Dex +2)


Message History

You sock the orc knight!
Lightning courses through the orc knight!!
The orc knight is heavily wounded.
You hit the orc knight.
The orc knight seems to speed up.
The orc knight is heavily wounded.
The orc knight barely misses you.
The orc knight hits you with a +0 halberd.
* * * LOW HITPOINT WARNING * * *
You barely miss the orc knight. Your headbutt misses the orc knight.
The orc knight is heavily wounded.
Xom changes the scenery.
Nothing appears to happen.
The orc knight hits you with a +0 halberd!
* * * LOW HITPOINT WARNING * * *
Okay, then.
A red film seems to cover your vision as you go berserk!
You feel yourself moving faster!
You feel mighty!
The orc knight hits you with a +0 halberd!!
You die...
Xom thinks this is hilarious!

## ##### ### ### #
.###.((###.###∩#
'##+##'###'##'##@##
#.....## ##)..§o##
#.....### #...(§#
'..⌠..+.#.'..⌠..§.#
#.))..# ###.....###
#).÷..# #.....#
)##'##'# #'##'##(#
###.# #.#.# #.# #.#
# ### #### ### ###


You could see an orc knight.

Vanquished Creatures
  Pikel (D:6)
  Sigmund (D:4)
  Edmund (D:6)
  Duvessa (D:4)
  A black bear (D:6)
  An ogre (D:4)
  A slave (D:5)
  A centaur (D:5)
  Dowan (D:4)
  2 scorpions
  4 killer bees (D:7)
  A crimson imp (D:7)
  A hound (D:6)
  A jelly (D:6)
  Crazy Yiuf (D:3)
  An orc priest (D:4)
  3 orc wizards
  An iguana (D:5)
  Ijyb (D:4)
  Terence (D:3)
  A worker ant (D:5)
  2 hound skeletons (D:5)
  19 gnolls
  7 adders
  A howler monkey skeleton (D:4)
  2 oozes (D:5)
  A dart slug (D:1)
  4 leopard geckos
  11 orcs
  7 bats
  2 giant cockroaches
  11 hobgoblins
  3 jackals (D:2)
  17 kobolds
  2 quokkas (D:4)
  3 ball pythons
  2 frilled lizards
  4 goblins
  5 rats
130 creatures vanquished.

Vanquished Creatures (others)
  2 slaves (D:6)
  A gnoll (D:6)
  An orc (D:6)
4 creatures vanquished.

Grand Total: 134 creatures vanquished

Notes
Turn   | Place    | Note
-------+----------+-------------------------------------------
     0 | D:1      | teukkam the Minotaur Fighter began the quest for the Orb.
     0 | D:1      | Reached XP level 1. HP: 19/19 MP: 0/0
    49 | D:2      | Reached XP level 2. HP: 26/27 MP: 1/1
    79 | D:4      | Noticed an ogre
    81 | D:4      | Noticed Dowan
    83 | D:4      | Noticed Duvessa
   126 | D:4      | Killed an ogre
   126 | D:4      | Reached XP level 3. HP: 17/34 MP: 2/2
   126 | D:4      | Reached XP level 4. HP: 20/41 MP: 3/3
   133 | D:4      | Killed Duvessa
   133 | D:4      | Reached XP level 5. HP: 15/47 MP: 4/4
   138 | D:4      | Killed Dowan
   138 | D:4      | Reached skill level 5 in Fighting
   138 | D:4      | Reached skill level 5 in Armour
   138 | D:4      | Reached skill level 5 in Shields
   139 | D:4      | Reached XP level 6. HP: 19/56 MP: 5/5
   442 | D:4      | Noticed Sigmund
   576 | D:5      | Entered Level 5 of the Dungeon
   576 | D:5      | Found a shimmering altar of Xom.
   576 | D:5      | Found a shimmering altar of Xom.
   636 | D:5      | Reached skill level 1 in Short Blades
   743 | D:5      | Found a shimmering altar of Xom.
   743 | D:5      | Found a shimmering altar of Xom.
   750 | D:5      | Became a worshipper of Xom the Psychopath
   785 | D:4      | Noticed Ijyb
   792 | D:4      | Killed Ijyb
   828 | D:4      | Found a shimmering altar of Xom.
   829 | D:4      | Found a shadowy altar of Dithmenos.
   829 | D:4      | Found a stormy altar of Qazlal.
   850 | D:4      | Reached XP level 7. HP: 60/62 MP: 6/6
  1023 | D:4      | XOM: harmless Fire miscast
  1030 | D:4      | Killed Sigmund
  1131 | D:3      | Noticed Terence
  1140 | D:3      | Killed Terence
  1280 | D:1      | XOM: harmless Erth miscast
  1572 | D:1      | XOM is BORED!
  1572 | D:1      | XOM: mild Fire miscast
  1695 | D:3      | Found a runed translucent door.
  1696 | D:3      | Noticed Crazy Yiuf
  1704 | D:3      | Killed Crazy Yiuf
  1866 | D:3      | Found an opulent altar of Gozag.
  2249 | D:5      | XOM: cast spell 'Alistair's Intoxication'
  2362 | D:5      | XOM: confuse monster(s)
  2373 | D:5      | Reached skill level 1 in Staves
  2644 | D:5      | XOM: cloud trail
  2754 | D:5      | XOM: summons 2 hostile shadow creatures
  2757 | D:5      | XOM: mild Pois miscast
  2854 | D:6      | Noticed Edmund
  3428 | D:6      | XOM: give mutation
  3428 | D:6      | Gained mutation: Your mind is acute. (Int +2) [Xom's grace]
  3558 | D:6      | Noticed Pikel
  3579 | D:6      | Killed Pikel
  3579 | D:6      | Reached XP level 8. HP: 56/73 MP: 7/7
  3789 | D:6      | Killed Edmund
  4016 | D:7      | Found a flagged portal.
  4030 | D:7      | Reached XP level 9. HP: 44/81 MP: 8/8
  4095 | D:7      | XOM: give mutation
  4095 | D:7      | Lost mutation: Your mind is acute. (Int +2) [Xom's
                  | mischief]
  4248 | Bailey   | Entered a bailey
  4620 | Bailey   | XOM: scenery: 3 doors close
  4701 | Bailey   | Noticed an orc knight
  4715 | Bailey   | XOM: swap monsters
  4721 | Bailey   | XOM: fog
  4722 | Bailey   | Gained mutation: You have a somewhat thin skeletal
                  | structure. (Dex +2, Stealth) [potion of mutation]
  4722 | Bailey   | Gained mutation: You are agile. (Dex +2) [potion of
                  | mutation]
  4740 | Bailey   | Mangled by an orc knight

Skill      XL: |  1  2  3  4  5  6  7  8  9 |
---------------+----------------------------+-----
Fighting       | 4 5 7 8 |  8.0
Axes           | 3 4 |  4.5
Armour         | 4 5 7 8 |  8.1
Shields        | 4 5 7 |  7.9
Short Blades   | 1 2 |  2.7
Staves         | 3 4 |  4.7
Throwing       | |  0.8

Action                   |  1- 3 |  4- 6 |  7- 9 || total
-------------------------+-------+-------+-------++-------
Melee: War axe           |    18 |     8 |       ||    26
       Headbutt          |     6 |     6 |    26 ||    38
       Unarmed           |       |    13 |       ||    13
       Short sword       |       |    34 |    52 ||    86
       Quarterstaff      |       |       |   142 ||   142
Throw: Tomahawk          |       |       |    29 ||    29
Evoke: Wand              |       |       |     7 ||     7
  Use: Potion            |     2 |       |    10 ||    12
       Scroll            |     1 |     1 |     8 ||    10
 Stab: Confused          |       |     1 |       ||     1
       Petrified         |       |       |    10 ||    10
       Paralysed         |       |       |     1 ||     1
  Eat: Chunk             |       |       |     5 ||     5
       Ration            |       |       |     2 ||     2
Armor: Scale mail        |    11 |     4 |       ||    15
       Skin              |       |     6 |   104 ||   110
       Leather armour    |       |     5 |    69 ||    74
Dodge: Dodged            |    16 |    20 |   141 ||   177
Block: Shield            |    20 |    23 |    34 ||    77
